 Dungeon Crawl Stone Soup version 0.27-a0-1147-gb3d8e82157 (webtiles) character file.

Game seed: 3386969246601831606

3215 st0uf the Cruncher (level 9, -3/55 HPs)
             Began as a Gargoyle Gladiator on May 11, 2021.
             Was an Initiate of Ashenzari.
             Slain by Maggie
             ... wielding a +6 war axe of flaming
              (13 damage)
             ... on level 7 of the Dungeon.
             The game lasted 00:27:22 (6587 turns).

st0uf the Cruncher (Gargoyle Gladiator)             Turns: 6587, Time: 00:27:23

Health: -3/55      AC: 15    Str: 19    XL:     9   Next: 97%
Magic:  9/9        EV: 16    Int: 17    God:    Ashenzari [......]
Gold:   331        SH:  0    Dex: 11    Spells: 8/8 levels left

rFire    . . .     SeeInvis .   J - +3 quarterstaff
rCold    . . .     Faith    .   (shield currently unavailable)
rNeg     + . .     Spirit   .   B - +0 troll leather armour {Purgy}
rPois    ∞         Reflect  .   c - +0 helmet
rElec    +         Harm     .   g - +0 cloak
rCorr    .         Rampage  .   (no gloves)
Will     .....                  a - +0 pair of boots
Stlth    ++........             (no amulet)
HPRegen  1.18/turn              i - ring of Ashenzari's Oracle {Int+6, Cun, Range} (curse)
MPRegen  0.11/turn              p - +4 ring of evasion

@: mesmerised
A: sickness immunity, AC +6, negative energy resistance 1, electricity
resistance, torment resistance 1, petrification resistance
a: Renounce Religion, Curse Item, Shatter the Chains


You were on level 7 of the Dungeon.
You worshipped Ashenzari.
Ashenzari was noncommittal.
You visited 1 branch of the dungeon, and saw 7 of its levels.
You also visited: Sewer.

You collected 331 gold pieces.

Inventory:

Hand Weapons
 J - a +3 quarterstaff (weapon)
Missiles
 d - 5 throwing nets
 m - 17 boomerangs (quivered)
 u - 5 poisoned darts
 F - a curare-tipped dart
Armour
 a - a +0 pair of boots (worn)
 c - a +0 helmet (worn)
 g - a +0 cloak (worn)
 l - a +0 ring mail
 B - a +0 troll leather armour (worn) {Purgy}
Magical Staves
 y - a staff of cold
 z - a staff of conjuration
Jewellery
 i - the cursed ring of Ashenzari's Oracle (left hand) {Int+6, Cun, Range}
   (You found it on level 1 of the Dungeon)

   [ring of intelligence]

   It affects your intelligence (+6).
   It has a curse which improves the following skills: Cunning: Dodging and
   Stealth.
   Ranged Combat: Slings, Bows, Crossbows and Throwing.
 p - a +4 ring of evasion (right hand)
 x - a ring of fire
 H - a ring of magical power
 I - a +4 ring of evasion
Wands
 b - a wand of polymorph (1)
 D - a wand of mindburst (14)
 G - a wand of digging (8)
Scrolls
 f - 4 scrolls of magic mapping
 h - 4 scrolls of fear
 j - a scroll of fog
 s - a scroll of enchant armour
 v - 2 scrolls of teleportation
 w - 2 scrolls of enchant weapon
Potions
 e - 2 potions of might
 k - 5 potions of heal wounds
 n - a potion of berserk rage
 o - a potion of resistance
 q - a potion of brilliance
 r - 2 potions of mutation
 t - a potion of lignification
 A - a potion of ambrosia
 C - 2 potions of flight
 E - a potion of curing


   Skills:
 + Level 6.1 Fighting
 + Level 10.3 Staves
 + Level 4.9(5.4) Throwing
 + Level 5.9 Armour
 - Level 2.4(2.8) Dodging
 + Level 2.0(2.3) Stealth


You had 8 spell levels left.
You didn't know any spells.
Your spell library contained the following spells:

 Spells                   Type           Power      Damage    Failure   Level
 Magic Dart               Conj           0%         1d3       26%         1
 Blink                    Tloc           N/A        N/A       38%         2
 Call Imp                 Summ           0%         N/A       38%         2
 Slow                     Hex            0%         N/A       38%         2
 Conjure Flame            Conj/Fire      0%         6-21      63%         3
 Mephitic Cloud           Conj/Pois/Air  0%         N/A       63%         3


Dungeon Overview and Level Annotations

Branches:
Dungeon (7/15)             Temple (0/1) D:5           Sewer (visited)

Altars:
Ashenzari
Gozag
Hepliaklqana
Uskayaw

Shops:
D:3 *   D:7 =

Annotations:
D:4 2 transporters, bmj180's ghost, novice DrCj
D:7 Maggie


Innate Abilities, Weirdness & Mutations

You are immune to sickness and miasma.
Your stone body is resilient. (AC +6)
You are immune to poison.
You resist negative energy. (rN+)
You are resistant to electric shocks. (rElec)
You are resistant to unholy torment.
You are immune to petrification.


Message History

You closely miss the sky beast.
The sky beast is almost dead.
The sky beast hits you but does no damage.
You hit the sky beast.
You kill the sky beast!
Your Stealth skill increases to level 2!
Maggie the Vainglorious comes into view.
She is wielding a +6 war axe of flaming and carrying a wand of acid (7).
You see here a potion of mutation.
r - 2 potions of mutation (gained 1) Maggie shouts!
Maggie gestures wildly while chanting.
Maggie attempts to bespell you!
You are mesmerised by Maggie!
Found a scroll of blinking.
Maggie points at you and mumbles some strange words.
The bolt of fire misses you.
Found 24 bolts.
Maggie misses you.
You hit Maggie.
Maggie is lightly wounded.
Maggie zaps a wand.
The bolt of acid misses you.
You hit Maggie but do no damage.
Maggie is lightly wounded.
Maggie zaps a wand.
The bolt of acid hits you!!
You are splashed with acid!
You bludgeon Maggie!!
Maggie is moderately wounded.
Maggie hits you with a +6 war axe of flaming!
* * * LOW HITPOINT WARNING * * *
Maggie burns you.
* * * LOW HITPOINT WARNING * * *
You closely miss Maggie.
Maggie is moderately wounded.
You closely miss Maggie.
Maggie is moderately wounded.
Maggie casts a spell.
Maggie draws you further into her thrall.
You sock Maggie!
Maggie is heavily wounded.
Maggie hits you with a +6 war axe of flaming!
You die...

#.....# #.###....#
#.....# #...(....
#####.# #....?... #.#
#.......# #.#
.......### #.# ......
... #.# #@#.# #.. #)#
#####@..######.#####.#
#.........#.......#...
####..#####...≈...#...
##.## ..≈.≈..##.. #..#
.≈?≈)≈..... #..#
..≈z≈..#...
#..####.#...≈...#.##
##....?..#.......#...
#...#########.####[..


You could see Maggie (mesmerising).

Vanquished Creatures
  A hydra (D:7)
  Sigmund (D:3)
  A steam dragon (D:6)
  Duvessa (D:7)
  A sky beast (D:7)
  Purgy (Sewer)
  A black bear (D:6)
  A necrophage (D:6)
  2 ogres
  A centaur (D:5)
  3 phantoms
  A kobold brigand (D:6)
  Blork the orc (D:6)
  Dowan (D:7)
  A wyvern skeleton (D:7)
  A water moccasin skeleton (D:5)
  A jelly (D:7)
  3 wights (D:7)
  2 centaur zombies (D:5)
  A bullfrog zombie (D:3)
  2 centaur skeletons
  3 hounds
  2 gnoll shamans
  2 bullfrog skeletons (D:5)
  Terence (D:3)
  Jessica (D:2)
  2 iguanas (D:4)
  5 orc wizards
  A scorpion zombie (D:5)
  Robin (D:2)
  12 gnolls
  8 adders
  2 howler monkey skeletons
  A shadow imp (D:6)
  2 white imps
  A worm (D:4)
  20 orcs
  5 ball pythons
  3 endoplasms
  12 giant cockroaches
  16 goblins
  6 hobgoblins
  3 jackals (D:4)
  12 kobolds
  6 quokkas
  6 bats (D:2)
  2 frilled lizards
  A rat (D:2)
164 creatures vanquished.

Vanquished Creatures (others)
  6 plants (D:4)
6 creatures vanquished.

Grand Total: 170 creatures vanquished

Notes
Turn   | Place    | Note
-------+----------+-------------------------------------------
     0 | D:1      | st0uf the Gargoyle Gladiator began the quest for the Orb.
     0 | D:1      | Reached XP level 1. HP: 12/12 MP: 1/1
   423 | D:1      | Reached XP level 2. HP: 12/17 MP: 2/2
   945 | D:2      | Reached XP level 3. HP: 13/21 MP: 3/3
  1080 | D:2      | Found a broken altar of Ashenzari.
  1083 | D:2      | Identified the +0 helmet of Xaytok {Drain rPois Regen+}
  1083 | D:2      | Noticed Robin
  1091 | D:2      | Killed Robin
  1108 | D:2      | Reached skill level 4 in Staves
  1122 | D:2      | Became a worshipper of Ashenzari the Shackled
  1259 | D:2      | Reached skill level 1 in Armour
  1259 | D:2      | Reached XP level 4. HP: 27/27 MP: 4/4
  1264 | D:2      | Noticed Jessica
  1271 | D:2      | Killed Jessica
  1617 | D:2      | Reached XP level 5. HP: 31/31 MP: 5/5
  1925 | D:3      | Found a hide-covered altar of Uskayaw.
  1927 | D:3      | Noticed Sigmund
  1937 | D:3      | Found a faded altar of an unknown god.
  1938 | D:3      | Noticed Terence
  1963 | D:3      | Killed Terence
  2159 | D:3      | Reached skill level 5 in Staves
  2354 | D:3      | Found Gozag's Platinum Reserve.
  2556 | D:3      | Reached XP level 6. HP: 30/36 MP: 6/6
  2716 | D:3      | Found an opulent altar of Gozag.
  2769 | D:3      | Killed Sigmund
  3041 | D:4      | Identified the +0 buckler "Jezadgh" {Rampage}
  3266 | D:4      | Noticed bmj180's ghost (novice DrCj)
  3322 | D:4      | Found a transporter.
  3322 | D:4      | Found a transporter.
  3521 | D:5      | Entered Level 5 of the Dungeon
  3544 | D:4      | Reached skill level 6 in Staves
  3642 | D:5      | Reached XP level 7. HP: 41/41 MP: 7/7
  4017 | D:5      | Identified a scroll of acquirement
  4027 | D:5      | Acquired a staff of cold
  4054 | D:5      | Reached skill level 7 in Staves
  4147 | D:5      | Found a staircase to the Ecumenical Temple.
  4169 | D:5      | Reached XP level 8. HP: 26/48 MP: 8/8
  4759 | D:6      | Found a glowing drain.
  4784 | Sewer    | Entered a sewer
  4790 | Sewer    | Noticed Purgy
  4811 | Sewer    | Killed Purgy
  4812 | Sewer    | Reached skill level 8 in Staves
  5412 | D:6      | Found a hazy altar of Hepliaklqana.
  5412 | D:6      | Noticed Blork the orc
  5421 | D:6      | Killed Blork the orc
  5422 | D:6      | Reached skill level 5 in Fighting
  5426 | D:6      | Found a faded altar of an unknown god.
  5552 | D:7      | Noticed Dowan
  5553 | D:7      | Noticed Duvessa
  5566 | D:6      | Reached skill level 9 in Staves
  5566 | D:6      | Reached XP level 9. HP: 22/54 MP: 9/9
  5749 | D:6      | Reached skill level 1 in Stealth
  5768 | D:7      | Killed Duvessa
  5769 | D:7      | Killed Dowan
  5770 | D:7      | Reached skill level 5 in Armour
  6337 | D:7      | Found Seguf's Jewellery Boutique.
  6398 | D:7      | Noticed a six-headed hydra
  6488 | D:7      | Killed a six-headed hydra
  6489 | D:7      | Reached skill level 10 in Staves
  6575 | D:7      | Noticed Maggie
  6587 | D:7      | Slain by Maggie

Illustrated notes

Levels and vault maps discovered:
D:1:      roderic_octagonal_star, layout_basic
D:2:      layout_loops_ring, basic_altar, uniq_jessica, uniq_robin
D:3:      layout_rooms, lemuel_tele_altar, nicolae_gozag_zags_fifth_avenue,
          hellmonk_ecumenical_altar_run_dry, uniq_terence, uniq_sigmund
D:4:      layout_loops_ring, gammafunk_ghost_gnarly_gnolls
D:5:      layout_cave_pools, minmay_temple_entry_mist, chequers_mini_garden,
          chequers_arboretum
D:6:      cheibrodos_helix_gallery, layout_cave_pools,
          beargit_hepliaklqana_dungeon_heroes, gup_sewer_entry_pipe
D:7:      layout_rooms, serial_rivers, chequers_serial_rivers_micro_b,
          chequers_serial_rivers_small_3, chequers_serial_rivers_micro_a,
          chequers_serial_rivers_small_b, minmay_shop_enchanted_jewellery,
          kennysheep_generic_room_10, uniq_duvessa, uniq_maggie,
          uniq_crazy_yiuf_cottage

Skill      XL: |  1  2  3  4  5  6  7  8  9 |
---------------+----------------------------+-----
Throwing       | 2 3 4 |  4.9
Staves         | 4 5 6 7 9 10 | 10.3
Armour         | 1 2 3 4 5 |  5.9
Fighting       | 3 5 6 |  6.1
Stealth        | 2 |  2.0
Dodging        | |  2.4

Action                   |  1- 3 |  4- 6 |  7- 9 || total
-------------------------+-------+-------+-------++-------
Melee: Quarterstaff      |    71 |   169 |   390 ||   630
Throw: Boomerang         |    32 |       |    45 ||    77
Invok: Curse Item        |       |     1 |       ||     1
  Use: Scroll            |       |       |     1 ||     1
       Potion            |       |       |     1 ||     1
Armor: Leather armour    |    29 |       |       ||    29
       Ring mail         |     3 |    78 |   136 ||   217
       Skin              |       |       |    18 ||    18
       Troll leather arm |       |       |     7 ||     7
Dodge: Dodged            |    38 |   119 |   236 ||   393

Table legend: (Time is in decaauts)
 A = Elapsed time spent in this place.
 B = Non-inter-level travel time spent in this place.
 C = Inter-level travel time spent in this place.
 D = Time resting spent in this place.
 E = Time spent auto-exploring this place.
 F = Levels seen in this place.
 G = Mean time per level.
                   A        B        C        D        E       F      G
               +--------+--------+--------+--------+--------+-----+--------+
         Total |   6603 |   6484 |    119 |    849 |   4039 |   8 |  825.4 |
       Dungeon |   6396 |   6277 |    119 |    849 |   3902 |   7 |  913.7 |
         Sewer |    206 |    206 |      0 |      0 |    137 |   1 |  206.0 |
               +--------+--------+--------+--------+--------+-----+--------+

Top non-repeatable levels by time:
     D:2: 1062 daAuts
     D:4: 1058 daAuts
     D:3: 980 daAuts
     D:6: 874 daAuts
     D:7: 825 daAuts
     D:1: 823 daAuts
     D:5: 771 daAuts
   Sewer: 206 daAuts
